 Dungeon Crawl Stone Soup version 0.31-a0-692-gf03d1854d5 (webtiles) character file.

Game seed: 8816221494066561652

284 qw the Shooter (level 6, -6/39 HPs)
             Began as a Gargoyle Hunter on Sept 6, 2023.
             Mangled by a wight
             ... wielding a +5 long sword
              (14 damage)
             ... on level 4 of the Dungeon.
             The game lasted 00:01:09 (3539 turns).

qw the Shooter (Gargoyle Hunter)                    Turns: 3539, Time: 00:01:10

Health: -6/39      AC: 12    Str: 15    XL:     6   Next: 29%
Magic:  6/6        EV: 11    Int:  9    God:
Gold:   178        SH:  0    Dex: 15    Spells: 5/5 levels left

rFire   . . .        Y - +0 shortbow
rCold   . . .        (shield currently unavailable)
rNeg    + . .        f - +0 ring mail
rPois   inf          (no helmet)
rElec   +            (no cloak)
rCorr   +            (no gloves)
SInv    .            h - +2 pair of boots
Will    .....        (no amulet)
Stlth   +            n - ring of resist corrosion
HPRegen 0.26/turn    (no ring)
MPRegen 0.10/turn

%: no passive effects
@: no status effects
A: sickness immunity, AC +4, negative energy resistance 1, electricity
resistance, torment resistance 1, petrification resistance
a: no special abilities


You were on level 4 of the Dungeon.
You visited 1 branch of the dungeon, and saw 4 of its levels.

You collected 178 gold pieces.


Innate Abilities, Weirdness & Mutations

You are immune to sickness and miasma.
Your stone body is resilient. (AC +4)
You are immune to poison.
You resist negative energy. (rN+)
You are resistant to electric shocks. (rElec)
You are resistant to unholy torment.
You are immune to petrification.


   Skills:
 - Level 4.4 Fighting
 + Level 6.2 Ranged Weapons
 - Level 1.4 Armour
 - Level 1.5 Dodging
 - Level 1.1 Stealth


You had 5 spell levels left.
You didn't know any spells.
Your spell library was empty.

Inventory:

Hand Weapons
 Y - a +0 shortbow (weapon)
Armour
 f - a +0 ring mail (worn)
 h - a +2 pair of boots (worn)
Jewellery
 n - a ring of resist corrosion (left hand)
Scrolls
 a - a scroll of identify
 c - 2 scrolls of noise {unknown}
 e - a scroll of enchant armour
Potions
 b - a potion of ambrosia {unknown}
 d - a potion of attraction {unknown}
 k - a potion of curing

Dungeon Overview and Level Annotations

Branches:
Dungeon (4/15)
 Temple: D:4-7

Altars:

Shops:
D:2 (

Annotations:
D:2 1 runed translucent door, Crazy Yiuf


Message History

3530 ||| Stepping ~*~*~tactically~*~*~ (retreating).
3531 |||
Found retreat position at 5,5 (floor) with 0 blocking monsters and 2 monsters attacking at destination at distance 6
Enter note:
Enter note:
Enter note:
3531 ||| Stepping ~*~*~tactically~*~*~ (retreating).
The wight attacks as it pursues you! The wight hits you but does no damage.
Enter note:
Enter note:
Enter note:
3532 |||
Found retreat position at 4,4 (floor) with 0 blocking monsters and 2 monsters attacking at destination at distance 5
3532 ||| Stepping ~*~*~tactically~*~*~ (retreating).
Enter note:
Enter note:
Enter note:
3533 |||
Found retreat position at 2,1 (floor) with 0 blocking monsters and 2 monsters attacking at destination at distance 2
3533 ||| Stepping ~*~*~tactically~*~*~ (retreating).
Enter note:
Enter note:
Enter note:
3534 |||
Found retreat position at 1,0 (floor) with 0 blocking monsters and 2 monsters attacking at destination at distance 1
3534 ||| Stepping ~*~*~tactically~*~*~ (retreating).
3535 |||
Found retreat position at 1,2 (floor) with 0 blocking monsters and 2 monsters attacking at destination at distance 2
3535 ||| Stepping ~*~*~tactically~*~*~ (retreating).
The wight attacks as it pursues you! The wight misses you.
Enter note:
Enter note:
Enter note:
3536 |||
Found retreat position at 3,7 (floor) with 0 blocking monsters and 1 monsters attacking at destination at distance 7
3536 ||| Stepping ~*~*~tactically~*~*~ (retreating).
You see here 6 stones.
You shoot an arrow. The arrow closely misses the wight.
The wight completely misses you.
You shoot an arrow. The arrow hits the wight.
The wight is moderately damaged.
The wight hits you with a +5 long sword!
You shoot an arrow. The arrow hits the wight.
The wight is severely damaged.
The wight hits you with a +5 long sword!
You die...

.......)#)# ......
.........)# ......
........#.####.....##
.........z)z........#
..........##..#####.#
........###...#####.#
........# #.#...z##.#
.##.##.## #...##z##.#
.##.##.# ###.##@##.#
###..... #.......#
###.....z # ###...###
.........##......#.##
####....J##.#.#..##.##
.<...##..##..###.# ###
#.#.#.###.##
######.####.....##.##
..........###.#.#.##


You could see 2 wights.

Vanquished Creatures
  A scorpion (D:4)
  A wight (D:4)
  Terence (D:3)
  5 adders
  4 gnolls (D:4)
  A worm (D:4)
  A dart slug (D:3)
  6 orcs
  4 endoplasms
  7 giant cockroaches
  7 goblins
  5 hobgoblins
  4 kobolds
  A quokka (D:3)
  6 ball pythons
  4 bats
  3 frilled lizards (D:1)
  2 rats
63 creatures vanquished.

Notes
Turn   | Place    | Note
-------+----------+-------------------------------------------
     0 | D:1      | qw the Gargoyle Hunter began the quest for the Orb.
     0 | D:1      | Reached XP level 1. HP: 12/12 MP: 1/1
     0 | D:1      | 0 ||| qw: Version: 0.3-a-76-g4403597
     0 | D:1      | 0 ||| qw: Game counter: 342
     0 | D:1      | 0 ||| qw: Melee chars always use a shield: true
     0 | D:1      | 0 ||| qw: God list: Okawaru
     0 | D:1      | 0 ||| qw: Allow faded altars: false
     0 | D:1      | 0 ||| qw: Do Orc after clearing Dungeon:15 true
     0 | D:1      | 0 ||| qw: Do second Lair branch before Depths: true
     0 | D:1      | 0 ||| qw: Lair rune preference: random
     0 | D:1      | 0 ||| qw: Goals: Normal
     0 | D:1      | 0 ||| PLANNING D:1-11
   282 | D:1      | Reached XP level 2. HP: 17/17 MP: 2/2
   802 | D:1      | 802 ||| UPGRADING to +0 ring mail.
   812 | D:1      | 812 ||| DROPPING +0 leather armour.
   813 | D:1      | 813 ||| UPGRADING to +2 pair of boots.
   818 | D:1      | 818 ||| READING scroll labelled YNEONEG TIUC.
   819 | D:1      | 819 ||| READING scroll labelled ZOATAN FEOBANWASCH.
   820 | D:1      | 820 ||| READING scroll labelled TITIJI JAUTOA.
   821 | D:1      | 821 ||| DROPPING scroll of butterflies.
   875 | D:2      | Found Jaent's Antique Weapon Boutique.
   878 | D:2      | 878 ||| SHOPLISTING shimmering orcbow (246 gold, have 18).
  1228 | D:2      | Reached skill level 1 in Armour
  1228 | D:2      | Reached XP level 3. HP: 21/21 MP: 3/3
  1458 | D:2      | Found a runed translucent door.
  1459 | D:2      | Noticed Crazy Yiuf
  1812 | D:2      | 1812 ||| UPGRADING to ring of resist corrosion.
  1813 | D:2      | 1813 ||| READING scroll labelled AFOYDU OWEIRO.
  1814 | D:2      | 1814 ||| READING scroll labelled REWKEP NOBIURR.
  1819 | D:2      | 1819 ||| READING scroll labelled COILUKOPTA.
  1820 | D:2      | 1820 ||| READING scroll labelled CEERO SOGHEFF.
  1821 | D:2      | 1821 ||| READING scroll labelled LUFOYRCHOETT.
  1822 | D:2      | 1822 ||| READING scroll labelled TEDUPHIAHI.
  1823 | D:2      | 1823 ||| DRINKING 2 green potions.
  1824 | D:2      | 1824 ||| DRINKING 2 sapphire potions.
  1825 | D:2      | 1825 ||| DRINKING 2 bubbling sapphire potions.
  1876 | D:2      | 1876 ||| DRINKING 2 brown potions.
  1877 | D:2      | 1877 ||| DROPPING potion of degeneration.
  1878 | D:2      | 1878 ||| DROPPING potion of magic.
  1879 | D:2      | 1879 ||| DROPPING potion of lignification.
  2141 | D:3      | Reached skill level 5 in Ranged Weapons
  2309 | D:3      | Reached XP level 4. HP: 27/27 MP: 4/4
  2337 | D:3      | Reached skill level 3 in Fighting
  2625 | D:3      | Noticed Terence
  2633 | D:3      | Killed Terence
  2776 | D:3      | 2776 ||| READING scroll labelled NIZUMO GIMA.
  2777 | D:3      | 2777 ||| DRINKING 2 fuming purple potions.
  2778 | D:3      | 2778 ||| DROPPING potion of invisibility.
  2860 | D:4      | Reached XP level 5. HP: 32/32 MP: 5/5
  3005 | D:4      | Reached skill level 6 in Ranged Weapons
  3033 | D:4      | 3033 ||| Stepping ~*~*~tactically~*~*~ (outnumbered).
  3035 | D:4      | 3035 ||| Stepping ~*~*~tactically~*~*~ (outnumbered).
  3041 | D:4      | 3041 ||| Stepping ~*~*~tactically~*~*~ (outnumbered).
  3044 | D:4      | 3044 ||| FLEEEEING.
  3045 | D:4      | 3045 ||| FLEEEEING.
  3055 | D:4      | HP: 6/32 [gnoll/+0 whip (4)]
  3062 | D:4      | HP: 7/32 [goblin/+0 club (1)]
  3066 | D:4      | HP: 2/32 [gnoll/+0 spear (5)]
  3069 | D:4      | Reached XP level 6. HP: 2/38 MP: 6/6
  3514 | D:4      | 3514 ||| Stepping ~*~*~tactically~*~*~ (outnumbered).
  3518 | D:4      | 3518 ||| RETREATING.
  3524 | D:4      | 3524 ||| Stepping ~*~*~tactically~*~*~ (retreating).
  3525 | D:4      | 3525 ||| Stepping ~*~*~tactically~*~*~ (retreating).
  3526 | D:4      | 3526 ||| Stepping ~*~*~tactically~*~*~ (retreating).
  3527 | D:4      | 3527 ||| Stepping ~*~*~tactically~*~*~ (retreating).
  3529 | D:4      | 3529 ||| Stepping ~*~*~tactically~*~*~ (retreating).
  3530 | D:4      | 3530 ||| Stepping ~*~*~tactically~*~*~ (retreating).
  3531 | D:4      | 3531 ||| Stepping ~*~*~tactically~*~*~ (retreating).
  3532 | D:4      | 3532 ||| Stepping ~*~*~tactically~*~*~ (retreating).
  3533 | D:4      | 3533 ||| Stepping ~*~*~tactically~*~*~ (retreating).
  3534 | D:4      | 3534 ||| Stepping ~*~*~tactically~*~*~ (retreating).
  3535 | D:4      | 3535 ||| Stepping ~*~*~tactically~*~*~ (retreating).
  3536 | D:4      | 3536 ||| Stepping ~*~*~tactically~*~*~ (retreating).
  3538 | D:4      | HP: 8/39 [wight/+5 long sword (12)]
  3539 | D:4      | Mangled by a wight

Levels and vault maps discovered:
D:1:      matt_arrival_diagonals, layout_loops_corners, reono_crystal_passage
D:2:      layout_loops_corners, serial_shops, nicolae_shop_behind_doors,
          uniq_crazy_yiuf_cottage
D:3:      layout_basic, uniq_terence
D:4:      layout_loops_cross, nzn_wu_jian_contemplation

Skill      XL: |  1  2  3  4  5  6 |
---------------+-------------------+-----
Armour         | 1 |  1.4
Ranged Weapons | 5 6 |  6.2
Fighting       | 3 4 |  4.4
Dodging        | |  1.5
Stealth        | |  1.1

Action                     |  1- 3 |  4- 6 || total
---------------------------+-------+-------++-------
   Fire: Shortbow          |   112 |   133 ||   245
    Use: Scroll            |     9 |     1 ||    10
         Potion            |     4 |     1 ||     5
 Armour: Leather armour    |    17 |       ||    17
         Ring mail         |    36 |    77 ||   113
  Dodge: Dodged            |    44 |    61 ||   105

Table legend:
 A = Non-vault XP
 B = Vault XP
 C = Vault XP percentage of total XP
 D = Non-vault monster count
 E = Vault monster count
 F = Vault count percentage of total count
                 A         B        C        D         E       F
            +---------+---------+-------+---------+---------+-------
      Total |     371 |      36 |   8.8 |      62 |       1 |   1.6
            +---------+---------+-------+---------+---------+-------
        D:1 |      27 |       0 |   0.0 |      18 |       0 |   0.0
        D:2 |      26 |       0 |   0.0 |       7 |       0 |   0.0
        D:3 |      60 |      36 |  37.5 |      17 |       1 |   5.6
        D:4 |     258 |       0 |   0.0 |      20 |       0 |   0.0
            +---------+---------+-------+---------+---------+-------
